 Dungeon Crawl Stone Soup version 0.19.0-24-gb05acd6 (webtiles) character file.

52 Rrauwl the Vexing (level 3, -3/26 HPs)
             Began as a Draconian Enchanter on Nov 21, 2016.
             Slain by an orc
             ... wielding a +0 mace
              (6 damage)
             ... on level 2 of the Dungeon on Nov 22, 2016.
             The game lasted 00:11:32 (1890 turns).

Rrauwl the Vexing (Draconian Enchanter)             Turns: 1890, Time: 00:11:32

Health: -3/26      AC:  5    Str:  8 (10) XL:     3   Next: 60%
Magic:  3/6        EV: 12    Int: 16      God:
Gold:   22         SH:  0    Dex: 11      Spells: 2 memorised, 2 levels left

rFire  . . .     SeeInvis +     a - +1 dagger
rCold  . . .     Gourm    .     (armour unavailable)
rNeg   . . .     Faith    .     (no shield)
rPois  .         Spirit   .     (helmet restricted)
rElec  .         Reflect  .     (no cloak)
rCorr  .         Harm     .     (no gloves)
MR     .....                    (no boots)
Stlth  ++........               (no amulet)
                                (no ring)
                                h - ring of see invisible

@: no status effects
A: unfitting armour, cold-blooded, AC +5
a: no special abilities


You were on level 2 of the Dungeon.
You were not hungry.

You visited 1 branch of the dungeon, and saw 2 of its levels.

You collected 22 gold pieces.

Inventory:

Hand Weapons
 a - a +1 dagger (weapon)
Jewellery
 h - a ring of see invisible (left hand)
Scrolls
 d - 3 scrolls of identify
 e - 2 scrolls of recharging
Books
 b - a book of Maledictions

   Spells                             Type                      Level
   a - Corona                         Hexes                        1
   b - Ensorcelled Hibernation        Hexes/Ice                    2
   c - Confuse                        Hexes                        3
   d - Tukima's Dance                 Hexes                        3
   e - Dazzling Spray                 Conjuration/Hexes            3
Comestibles
 c - a bread ration
 f - 6 chunks of flesh
 g - a beef jerky


   Skills:
 - Level 1.0 Short Blades
 - Level 1.7 Dodging
 - Level 2.6 Stealth
 - Level 2.0 Spellcasting
 + Level 4.2 Hexes


You had 2 spell levels left.
You knew the following spells:

 Your Spells              Type           Power        Failure   Level  Hunger
a - Corona                Hex            ###....      4%          1    #......
b - Tukima's Dance        Hex            ###.....     12%         3    ###....


Dungeon Overview and Level Annotations

Branches:
Dungeon (2/15)

Altars:


Innate Abilities, Weirdness & Mutations

Your plain brown scales are hard. (AC +5)
You cannot fit into any form of body armour.
You are cold-blooded and may be slowed by cold attacks.


Message History

You hit the ball python.
The ball python is moderately wounded.
The ball python bites you but does no damage.
The ball python constricts you.
You hit the ball python. You tail-slap the ball python.
The ball python is severely wounded.
The ball python barely misses you. The ball python constricts you.
You hit the ball python.
You kill the ball python!
Casting: Corona
Confirm with . or Enter, or press ? or * to list all spells.
Aiming: Corona
Press: ? - help, Shift-Dir - straight line, f/p - orc
Aim: an orc, wielding a mace and wearing a glowing ring mail (lightly wounded, chance to defeat MR: 69%)
The orc is outlined in light.
The orc hits you with a mace.
* * * LOW HITPOINT WARNING * * *
You barely miss the orc.
The orc is lightly wounded.
The orc hits you with a mace.
You die...

#.........#.# ##....
#.........#)##### ......
#.........).((..# .#....
#.........#.###.#
......######.............#.#
.............(.........#.#.#
.....................###.#.#
............#####'#......#.#
.........(K.#Ko@..########.#
.......###S##.######### #.#
...........#.[..#.....# #.#
.........>....#.#.###.# #.#
..................###.# #.#
.......#####........#.# #.#
....... #........#.# #.#
....... #.<....[.#.# #.# ..
#........#.# #.#


You could see an orc and a kobold.

Vanquished Creatures
  An adder (D:1)
  An ooze (D:1)
  A worm (D:1)
  A dart slug (D:1)
  A bat (D:1)
  A giant cockroach (D:1)
  6 goblins
  3 hobgoblins (D:1)
  5 jackals
  6 kobolds
  2 ball pythons
  5 frilled lizards
33 creatures vanquished.

Notes
Turn   | Place    | Note
-------+----------+-------------------------------------------
     0 | D:1      | Rrauwl the Draconian Enchanter began the quest for the Orb.
     0 | D:1      | Reached XP level 1. HP: 14/14 MP: 3/3
   140 | D:1      | Reached skill level 3 in Hexes
   220 | D:1      | Reached XP level 2. HP: 16/20 MP: 3/5
   884 | D:1      | Reached XP level 3. HP: 14/26 MP: 4/6
  1351 | D:1      | Reached skill level 4 in Hexes
  1358 | D:1      | Learned a level 3 spell: Tukima's Dance
  1890 | D:2      | Slain by an orc

Skill      XL: |  1  2  3 |
---------------+----------+-----
Hexes          | 3 4 |  4.2
Short Blades   | |  1.0
Dodging        | |  1.7
Stealth        | |  2.6
Spellcasting   | |  2.0

Action                   || total
-------------------------++-------
Melee: Dagger            ||   159
       Tailslap          ||    19
 Cast: Corona            ||    43
  Use: Scroll            ||     4
       Potion            ||     3
  Eat: Chunk             ||     4
Armor: Skin              ||    51
Dodge: Dodged            ||    98
